 Dungeon Crawl Stone Soup version 0.23.2-30-g0e89c35649 (webtiles) character file.

Game seed: 18163195586089758847

49 Pixllover the Cudgeler (level 3, 0/36 HPs)
             Began as a Troll Berserker on June 16, 2019.
             Was a Follower of Trog.
             Slain by a wight
             ... wielding a +0 falchion
              (6 damage)
             ... on level 2 of the Dungeon.
             The game lasted 00:02:26 (886 turns).

Pixllover the Cudgeler (Troll Berserker)             Turns: 886, Time: 00:02:28

Health: 0/36       AC:  6    Str: 25    XL:     3   Next: 53%
Magic:  2/2        EV: 10    Int:  4    God:    Trog [*.....]
Gold:   51         SH:  0    Dex:  9    Spells: 2/2 levels left

rFire    . . .     SeeInvis .   a - +0 mace
rCold    . . .     Gourm    +   (no shield)
rNeg     . . .     Faith    .   d - +0 robe (curse)
rPois    .         Spirit   .   (helmet restricted)
rElec    .         Reflect  .   (no cloak)
rCorr    .         Harm     .   (gloves unavailable)
MR       .....                  (boots unavailable)
Stlth    +.........             (no amulet)
HPRegen  0.52/turn              (no ring)
MPRegen  0.08/turn              (no ring)

@: drained
A: large, unfitting armour, claws 3, fast metabolism 3, gourmand, regeneration
1, shaggy fur 1, tough skin 3
a: Berserk, Renounce Religion


You were on level 2 of the Dungeon.
You worshipped Trog.
Trog was aware of your devotion.
You were not hungry.

You visited 1 branch of the dungeon, and saw 2 of its levels.

You collected 51 gold pieces.

Inventory:

Hand Weapons
 a - a +0 mace (weapon)
Missiles
 k - 15 poisoned needles
Armour
 b - a +0 animal skin
 d - a cursed +0 robe (worn)
 n - a +0 chain mail
Scrolls
 g - 2 scrolls of identify {unknown}
 h - 3 scrolls of remove curse {unknown}
 i - a scroll of fear {unknown}
 j - a scroll of amnesia {unknown}
Potions
 e - 2 potions of degeneration {unknown}
 f - a potion of resistance {unknown}
 l - a potion of curing {unknown}
Comestibles
 c - 3 rations
 m - 2 chunks of flesh


   Skills:
 + Level 2.8(1.8) Fighting
 + Level 3.4(2.4) Maces & Flails
 + Level 2.9(2.0) Dodging


You had 2 spell levels left.
You didn't know any spells.
Your spell library was empty.

Dungeon Overview and Level Annotations

Branches:
Dungeon (2/15)

Altars:


Innate Abilities, Weirdness & Mutations

You are too large for most types of armour.
You have claws for hands.
Your metabolism is lightning-fast.
You like to eat raw meat.
Your natural rate of healing is unusually fast.
You are covered in fur. (AC +1)
You have extremely tough skin. (AC +3)


Message History

The wight barely misses you.
A wight comes into view. It is wielding a +0 falchion.
The wight hits you with a +0 halberd!
You feel drained.
Found 4 gold pieces.
You closely miss the wight. The wight closely misses you.
You hit the wight but do no damage. The wight hits you with a +0 halberd!
You feel drained.
* * * LOW HITPOINT WARNING * * *
You closely miss the wight. The wight barely misses you.
You hit the wight.
The wight is lightly damaged.
The wight closely misses you.
You hit the wight.
The wight is moderately damaged.
The wight hits you with a +0 halberd.
* * * LOW HITPOINT WARNING * * *
You feel drained.
* * * LOW HITPOINT WARNING * * *
The wight hits you with a +0 falchion.
You die...

# .. .. ## ...
..... .##.#
$..... .....
#.....#####..## .
..?...#.......#..
......z@........#
......z........#
..............###
#.....#..........
##?..##.......###
#### #.......#
#......รท##
#....)...#
#..####..##


You could see 2 wights.

Vanquished Creatures
  Jessica (D:2)
  A dart slug (D:1)
  2 bats (D:1)
  A giant cockroach (D:1)
  2 goblins (D:1)
  6 hobgoblins
  2 kobolds (D:1)
  A ball python (D:1)
  3 frilled lizards
  2 rats (D:2)
21 creatures vanquished.

Notes
Turn   | Place    | Note
-------+----------+-------------------------------------------
     0 | D:1      | Pixllover the Troll Berserker began the quest for the Orb.
     0 | D:1      | Reached XP level 1. HP: 22/22 MP: 0/0
   173 | D:1      | Reached XP level 2. HP: 4/29 MP: 1/1
   481 | D:1      | Reached skill level 3 in Maces & Flails
   834 | D:2      | Noticed Jessica
   852 | D:2      | Killed Jessica
   852 | D:2      | Reached XP level 3. HP: 19/36 MP: 2/2
   886 | D:2      | Slain by a wight

Skill      XL: |  1  2 |
---------------+-------+-----
Maces & Flails | 3 |  3.4
Fighting       | |  2.8
Dodging        | |  2.9

Action                   || total
-------------------------++-------
Melee: Mace              ||    72
Invok: Berserk           ||     1
  Eat: Chunk             ||     9
Armor: Animal skin       ||    20
       Robe              ||    25
Dodge: Dodged            ||    80
